 Dungeon Crawl Stone Soup version 0.16-a0-4002-g2d13b8e (webtiles) character file.

79726 timbw the Fencer (level 15, 0/119 HPs)
             Began as a Vampire Fighter on Feb 14, 2015.
             Was the Champion of Makhleb.
             Killed from afar by a deep elf knight (11 damage)
             ... with a spray of energy
             ... on level 2 of the Elven Halls.
             The game lasted 01:38:39 (14874 turns).

timbw the Fencer (Vampire Fighter)                 Turns: 14874, Time: 01:38:39

Health: 0/119      AC: 19    Str: 11    XL:     15   Next: 21%
Magic:  37/37      EV:  9    Int: 10    God:    Makhleb [******]
Gold:   2082       SH:  0    Dex: 16    Spells: 3 memorised, 11 levels left

rFire  . . .     SeeInvis +     a - +5 scimitar (flame)
rCold  + . .     Clarity  .     x - +2 chain mail "Cro Digh" {+Inv rPois+ rC+ MP+9 Dex-5}
rNeg   + + .     SustAb   .     (no shield)
rPois  +         Gourm    .     F - +1 helmet of Ezadd {rElec rN++ Str-4 Dex+3}
rElec  +         Spirit   .     j - +0 cloak
rCorr  .         Warding  .     X - +0 pair of gloves
rMut   .         Stasis   .     W - +0 pair of boots
MR     +....                    n - amulet of regeneration
Stlth  ++........               l - ring of stealth
                                O - +3 ring of protection

@: about to teleport, regenerating quickly, somewhat resistant to hostile
enchantments, unstealthy
A: bottle blood, fangs 3, see invisible, unbreathing
a: Minor Destruction, Lesser Servant of Makhleb, Major Destruction, Greater
Servant of Makhleb, Renounce Religion, Evoke Invisibility


You were on level 2 of the Elven Halls.
You worshipped Makhleb.
Makhleb was exalted by your worship.
You were full.

You visited 4 branches of the dungeon, and saw 28 of its levels.
You also visited: Ossuary and Ice Cave.

You collected 3208 gold pieces.
You spent 1126 gold pieces at shops.

Inventory:

Hand weapons
 a - a +5 scimitar of flaming (weapon)
 e - the +4 long sword of Fiotwugg {slice, Str+6 Int+4}
   (You found it on level 1 of the Lair of Beasts)

   It inflicts extra damage upon your enemies.
   It affects your strength (+6).
   It affects your intelligence (+4).
 A - a +0 great sword
Armour
 j - a +0 cloak (worn)
 r - a +0 ice dragon armour
 x - the +2 chain mail "Cro Digh" (worn) {+Inv rPois+ rC+ MP+9 Dex-5}
   (You found it on level 5 of the Dungeon)

   It affects your dexterity (-5).
   It protects you from cold.
   It protects you from poison.
   It affects your magic capacity (+9).
   It lets you turn invisible.
 F - the +1 helmet of Ezadd (worn) {rElec rN++ Str-4 Dex+3}
   (You found it on level 10 of the Dungeon)

   It affects your strength (-4).
   It affects your dexterity (+3).
   It insulates you from electricity.
   It greatly protects you from negative energy.
 W - a +0 pair of boots (worn)
 X - a +0 pair of gloves (worn)
Rods
 b - a +0 rod of clouds (12/13)
   (You found it on level 9 of the Dungeon)
Jewellery
 c - a +4 ring of intelligence
 f - an uncursed ring of ice
 l - a ring of stealth (right hand)
 n - an amulet of regeneration (around neck)
 q - an uncursed ring of protection from fire
 C - the amulet of Hiharas {Ward rElec rN+ Int+8 Dex-3}
   (You found it on level 7 of the Dungeon)

   [amulet of warding]

   It may prevent the melee attacks of summoned creatures.
   It affects your intelligence (+8).
   It affects your dexterity (-3).
   It insulates you from electricity.
   It protects you from negative energy.
 G - an uncursed amulet of clarity
 O - a +3 ring of protection (left hand)
 Q - an uncursed ring of sustain abilities
Magical devices
 i - a wand of cold (10)
 p - a wand of paralysis (10)
 D - a wand of teleportation (4)
 E - a wand of magic darts (24)
 H - a wand of digging (12)
 I - a wand of lightning (7)
 P - a wand of frost (19)
 R - a wand of confusion (18)
 U - a wand of random effects (20)
 Z - a wand of teleportation (0)
Scrolls
 d - 4 scrolls of immolation
 o - 4 scrolls of identify
 s - 8 scrolls of remove curse
 t - 3 scrolls of fog
 y - a scroll of vulnerability
 B - a scroll of amnesia
 K - 2 scrolls of magic mapping
 N - a scroll of recharging
 V - a scroll of summoning
Potions
 g - 3 potions of curing
 h - a potion of resistance
 k - a potion of invisibility
 m - a potion of berserk rage
 u - 5 potions of agility
 w - a potion of flight
 z - a potion of magic
 J - a potion of restore abilities
 L - 4 potions of might
 S - 2 potions of heal wounds
 Y - a potion of brilliance
Books
 v - a book of the Sky

   Spells                             Type                      Level
   a - Flight                         Charms/Air                   3
   b - Airstrike                      Air                          4
   c - Silence                        Hexes/Air                    5
   d - Deflect Missiles               Charms/Air                   6
   e - Conjure Ball Lightning         Conjuration/Air              6
   f - Tornado                        Air                          9
 M - a Grand Grimoire {highlevel}

   This book is beyond your current level of understanding.

   Spells                             Type                      Level
   a - Aura of Abjuration             Summoning                    6
   b - Summon Greater Demon           Summoning                    7
   c - Malign Gateway                 Summoning/Translocation      7
   d - Summon Horrible Things         Summoning                    8


   Skills:
 + Level 11.3 Fighting
 - Level 17.1 Long Blades
 - Level 2.4 Armour
 * Level 11.2 Dodging
 - Level 6.5 Stealth
   Level 2.6 Shields
 + Level 2.2 Spellcasting
 * Level 4.4 Air Magic
 - Level 5.0 Invocations
 - Level 10.6 Evocations


You had 11 spell levels left.
You knew the following spells:

 Your Spells              Type           Power        Failure   Level  Hunger
a - Regeneration          Chrm/Necr      #.........   100%        3    ####...
b - Animate Skeleton      Necr           N/A          100%        1    ##.....
c - Flight                Chrm/Air       #.........   100%        3    ####...


Dungeon Overview and Level Annotations

Branches:
Dungeon (14/15)              Lair (8/8) D:8          Shoals (0/5) Lair:4
  Snake (0/5) Lair:6        Slime (0/6) Lair:7          Orc (4/4) D:11
    Elf (2/3) Orc:3
 Temple: D:4-7       Vaults: D:13-14

Altars:
Elyvilon
Gozag
Makhleb
Xom
Zin
The Shining One
Beogh
Jiyva

Shops:
Orc:4 :([?[   Elf:1 *


Innate Abilities, Weirdness & Mutations

Your natural rate of healing is unusually fast.
You can bottle blood from corpses.
You have razor-sharp teeth.
You have supernaturally acute eyesight.
You can survive without breathing.


Message History

A deep elf knight comes into view. It is wielding a short sword.
The deep elf knight shouts!
The deep elf knight unwields an uncursed short sword.
The deep elf knight wields a shortbow.
The deep elf knight shoots an arrow of flame.
The arrow of flame hits you but does no damage.
The arrow of flame burns you.
* * * LOW HITPOINT WARNING * * *
Found an arrow of flame.
A dancing weapon and a deep elf fighter come into view.
You see here an arrow of flame.
Read which item? (? for menu, Esc to quit)
Okay, then.
Evoke which item? (* to show all) (? for menu, Esc to quit)
Zapping:
D - a wand of teleportation (5)
Press: ? - help, Shift-Dir - straight line, f - you You feel strangely unstable.
This wand has 4 charges left.
The deep elf knight gestures at you while chanting.
The spray of energy hits you!
You die...

# #...#.....#...# ##
#..###...###..# .# #.##
##.## #. ## #..###...## ..#
# #...#.....#...#
#.............#
######)''###### ###
#####...##### #
#.####...''#++..@## e##
...##.....###.....##...##..
))..).............(e.......
.#.....)........(....#.....
###...).............## . #
##...............## #
#..............e..
.#...................
.....................


You could see a deep elf knight, a deep elf fighter and a mace of crushing.

Vanquished Creatures
  A deep elf demonologist (Elf:1)
  Josephine (Orc:3)
  Fannar (Orc:3)
  4 hydras
  Nessos (Orc:3)
  3 ice dragons
  Erica (Orc:3)
  2 dancing weapons (Elf:2)
  7 death yaks
  2 orc high priests
  Nergalle (Lair:1)
  4 deep elf knights
  A fire crab (Lair:8)
  10 deep elf summoners
  A wolf spider (Lair:8)
  4 deep elf conjurers
  11 black mambas
  4 orc sorcerers (Orc:4)
  A hornet (Lair:8)
  2 griffons
  3 sirens (Lair:4)
  A guardian serpent (Lair:8)
  10 elephants
  A torpor snail (Lair:6)
  A centaur skeleton (D:8)
  2 demonic crawlers (Elf:1)
  14 spiny frogs
  2 deep elf priests
  2 trolls
  4 komodo dragons
  A merfolk (Lair:4)
  A polar bear (Lair:6)
  5 fire drakes
  A jumping spider (Elf:1)
  A two-headed ogre (D:12)
  23 blink frogs
  3 wraiths (Orc:3)
  A ynoxinul (Lair:8)
  4 basilisks
  12 deep elf magi
  9 redbacks
  A trapdoor spider (D:12)
  2 shadows
  A tarantella (Elf:2)
  42 yaks
  10 deep elf fighters
  A hungry ghost (D:9)
  19 wolves
  5 hippogriffs
  A mottled dragon (Lair:8)
  2 wargs
  A soldier ant (D:12)
  5 spiders (Lair:8)
  3 sky beasts
  7 porcupines
  4 phantoms
  13 water moccasins
  3 swamp drakes (Lair:8)
  4 wasps
  3 centaurs
  30 ice beasts
  3 black bears
  10 orc warriors
  7 ogres
  15 giant frogs
  16 crocodiles
  2 gnoll sergeants
  3 scorpions
  3 killer bees
  2 vampire bats (Lair:5)
  6 wights
  An electric eel (Lair:3)
  6 jellies
  A goliath beetle (D:9)
  4 crimson imps
  4 giant frog zombies
  23 orc priests
  3 gnoll shamans (D:5)
  A quasit (D:9)
  11 hounds
  30 orc wizards
  7 iguanas
  8 worker ants
  8 hell rats (Elf:1)
  12 sheep
  9 mummies
  A hound zombie (D:9)
  31 adders
  47 gnolls
  37 river rats
  3 shadow imps
  5 giant geckos
  107 orcs
  A bat zombie (D:5)
  4 giant cockroaches
  15 goblins
  16 hobgoblins
  4 jackals (D:5)
  4 kobolds
  6 quokkas
  13 bats
  A giant gecko skeleton (D:4)
  A giant newt (D:1)
  3 gnoll zombies (Ossuary)
  A goblin zombie (D:4)
  2 hobgoblin zombies
  2 kobold skeletons (D:8)
  4 kobold zombies
  2 orc skeletons (D:8)
  5 orc zombies
  7 rats
  2 ballistomycetes (D:8)
  6 fungi
  5 plants (Lair:8)
850 creatures vanquished.

Vanquished Creatures (collateral kills)
  A fire dragon (Lair:8)
  An ice dragon (IceCv)
  A deep elf summoner (Elf:1)
  A griffon (Lair:6)
  A fire drake (Lair:8)
  3 deep elf magi
  A steam dragon (Lair:8)
  A boring beetle (Lair:5)
10 creatures vanquished.

Vanquished Creatures (others)
  A deep elf knight (Elf:2)
  3 smoke demons
  2 hellwings (IceCv)
  A redback (Elf:1)
  A ynoxinul (IceCv)
  4 deep elf magi (Elf:2)
  An ice beast (Elf:2)
  2 ufetubi (IceCv)
  An orc zombie (Orc:4)
  2 orcs (Orc:3)
  A giant spore (D:8)
  3 goblins (Orc:3)
  A bush (Lair:7)
  4 fungi
  4 plants (Lair:8)
31 creatures vanquished.

Grand Total: 891 creatures vanquished

Notes
Turn   | Place    | Note
--------------------------------------------------------------
     0 | D:1      | timbw, the Vampire Fighter, began the quest for the Orb.
     0 | D:1      | Reached XP level 1. HP: 17/17 MP: 1/1
   154 | D:2      | Reached XP level 2. HP: 18/23 MP: 2/2
   244 | D:2      | Reached skill level 3 in Long Blades
   321 | D:3      | Reached XP level 3. HP: 28/28 MP: 3/3
   352 | D:3      | Reached skill level 4 in Long Blades
   569 | D:5      | Entered Level 5 of the Dungeon
   663 | D:4      | Reached XP level 4. HP: 31/34 MP: 4/4
   667 | D:4      | Reached skill level 5 in Long Blades
   684 | D:4      | Found a sand-covered staircase.
   695 | Ossuary  | Entered an ossuary
   720 | Ossuary  | Reached XP level 5. HP: 39/39 MP: 5/5
   852 | Ossuary  | Reached skill level 6 in Long Blades
  1024 | D:4      | Reached XP level 6. HP: 46/46 MP: 6/6
  1075 | D:5      | Got a heavily runed chain mail
  1089 | D:5      | Identified the +2 chain mail "Cro Digh" {+Inv rPois+ rC+ MP+9 Dex-5} (You found it on level 5 of the Dungeon)
  1101 | D:5      | Noticed a phantom
  1176 | D:5      | Killed a phantom
  1176 | D:5      | Reached skill level 1 in Evocations
  1218 | D:5      | Found an opulent altar of Gozag.
  1222 | D:5      | Found a burning altar of Makhleb.
  1223 | D:5      | Found a white marble altar of Elyvilon.
  1227 | D:5      | Became a worshipper of Makhleb the Destroyer
  1359 | D:5      | Reached skill level 7 in Long Blades
  1407 | D:5      | Reached XP level 7. HP: 39/51 MP: 9/9
  1455 | D:5      | Acquired Makhleb's first power
  1481 | D:5      | Noticed a gnoll sergeant
  1502 | D:5      | Killed a gnoll sergeant
  1595 | D:5      | Acquired Makhleb's second power
  1680 | D:5      | Reached skill level 8 in Long Blades
  1811 | D:5      | Reached XP level 8. HP: 32/57 MP: 13/13
  2017 | D:6      | Reached skill level 9 in Long Blades
  2083 | D:7      | Acquired Makhleb's third power
  2242 | D:7      | Reached skill level 10 in Long Blades
  2253 | D:7      | Got a brightly glowing garnet amulet
  2370 | D:8      | Noticed a centaur skeleton
  2381 | D:8      | Killed a centaur skeleton
  2381 | D:8      | Reached skill level 5 in Fighting
  2381 | D:8      | Reached XP level 9. HP: 62/68 MP: 15/15
  2492 | D:8      | Identified the amulet of Hiharas {Ward rElec rN+ Int+8 Dex-3} (You found it on level 7 of the Dungeon)
  2505 | D:8      | Found a staircase to the Lair.
  2506 | D:8      | Noticed a fire drake
  2676 | D:8      | Killed a fire drake
  2724 | D:8      | Reached skill level 11 in Long Blades
  2776 | D:8      | Found a glowing golden altar of the Shining One.
  2808 | D:8      | Acquired Makhleb's fourth power
  3176 | D:9      | Reached skill level 5 in Evocations
  3202 | D:9      | Reached XP level 10. HP: 49/77 MP: 18/18
  3293 | D:9      | Identified a +0 rod of clouds (13/13) (You found it on level 9 of the Dungeon)
  3444 | D:9      | Reached skill level 12 in Long Blades
  3453 | D:10     | Entered Level 10 of the Dungeon
  3480 | D:10     | Got a crude helmet
  3493 | D:10     | Identified the +1 helmet of Ezadd {rElec rN++ Str-4 Dex+3} (You found it on level 10 of the Dungeon)
  3596 | D:10     | Acquired Makhleb's fifth power
  3653 | D:10     | Noticed a guardian serpent
  3962 | D:11     | Found a staircase to the Orcish Mines.
  4034 | D:12     | Found a glowing silver altar of Zin.
  4108 | D:12     | Reached skill level 13 in Long Blades
  4302 | D:12     | Reached XP level 11. HP: 75/85 MP: 21/21
  4732 | D:12     | HP: 4/86 [cyclops (21)]
  5070 | Lair:1   | Entered Level 1 of the Lair of Beasts
  5144 | Lair:1   | Noticed Nergalle
  5160 | Lair:1   | Got a faintly glowing long sword
  5178 | Lair:2   | Identified the +4 long sword of Fiotwugg {slice, Str+6 Int+4} (You found it on level 1 of the Lair of Beasts)
  5409 | Lair:2   | Reached skill level 14 in Long Blades
  5879 | Lair:3   | Reached XP level 12. HP: 91/94 MP: 24/24
  5983 | Lair:3   | Found a frozen archway.
  6040 | IceCv    | Entered an ice cave
  6242 | IceCv    | Noticed an ice dragon
  6242 | IceCv    | Noticed an ice dragon
  6255 | IceCv    | Noticed an Executioner
  6491 | IceCv    | HP: 2/95 [ice dragon/blast of cold (14)]
  6506 | IceCv    | an ice dragon (ally) was killed
  6507 | IceCv    | Killed an ice dragon
  6507 | IceCv    | Reached skill level 15 in Long Blades
  6713 | IceCv    | Killed an ice dragon
  7071 | Lair:3   | Noticed a four-headed hydra
  7109 | Lair:3   | Killed a four-headed hydra
  7109 | Lair:3   | Reached skill level 1 in Dodging
  7330 | Lair:4   | Found a shimmering altar of Xom.
  7378 | Lair:4   | Reached skill level 1 in Invocations
  7400 | Lair:4   | Noticed a five-headed hydra
  7414 | Lair:4   | Killed a five-headed hydra
  7435 | Lair:4   | Noticed a four-headed hydra
  7479 | Lair:4   | Killed a six-headed hydra
  7490 | Lair:4   | Found a staircase to the Shoals.
  7853 | Lair:5   | Noticed an ice dragon
  7883 | Lair:5   | Killed an ice dragon
  8057 | Lair:5   | You fall through a shaft for 3 floors!
  8057 | Lair:8   | Entered Level 8 of the Lair of Beasts
  8150 | Lair:8   | Reached skill level 1 in Stealth
  8156 | Lair:8   | Reached XP level 13. HP: 103/103 MP: 26/26
  8203 | Lair:8   | Reached skill level 5 in Dodging
  8321 | Lair:8   | Reached skill level 10 in Fighting
  8361 | Lair:7   | Found a viscous altar of Jiyva.
  8363 | Lair:7   | Found a staircase to the Slime Pits.
  8544 | Lair:5   | Reached skill level 10 in Evocations
  9010 | Lair:6   | Found a staircase to the Snake Pit.
  9036 | Lair:6   | Reached skill level 16 in Long Blades
  9449 | Lair:7   | Learned a level 3 spell: Regeneration
  9451 | Lair:7   | Learned a level 1 spell: Animate Skeleton
  9611 | Lair:8   | Reached skill level 5 in Stealth
 10016 | Lair:8   | Noticed a fire dragon
 10035 | Lair:8   | Reached XP level 14. HP: 67/111 MP: 27/27
 10173 | Lair:8   | Killed a fire dragon
 10840 | Lair:6   | You fall through a shaft for 2 floors!
 11154 | Lair:1   | Killed Nergalle
 11209 | Lair:1   | Noticed a seven-headed hydra
 11225 | Lair:1   | Killed a seven-headed hydra
 11225 | Lair:1   | Reached skill level 5 in Invocations
 11462 | Lair:1   | Found a glowing golden altar of the Shining One.
 11670 | Orc:1    | Entered Level 1 of the Orcish Mines
 11670 | Orc:1    | Found a roughly hewn altar of Beogh.
 12193 | Orc:3    | Noticed Fannar
 12235 | Orc:3    | Killed Fannar
 12259 | Orc:3    | Noticed Josephine
 12259 | Orc:3    | Noticed Nessos
 12271 | Orc:3    | Killed Josephine
 12275 | Orc:3    | Killed Nessos
 12425 | Orc:3    | Found a staircase to the Elven Halls.
 12483 | Orc:3    | Noticed Erica
 12511 | Orc:3    | Killed Erica
 12612 | Orc:4    | Entered Level 4 of the Orcish Mines
 12622 | Orc:4    | Found a burning altar of Makhleb.
 12655 | Orc:4    | Found Thoj's Book Shop.
 12768 | Orc:4    | Reached skill level 10 in Dodging
 12786 | Orc:4    | Reached skill level 17 in Long Blades
 12821 | Orc:4    | Found Yklu Sul's Magic Scroll Emporium.
 12821 | Orc:4    | Found Junkups' Armour Emporium.
 12833 | Orc:4    | Found Loluicon's Antique Weapon Shoppe.
 12833 | Orc:4    | Found Traney's Armour Shoppe.
 12925 | Orc:4    | Bought a scroll of identify for 34 gold pieces
 12925 | Orc:4    | Bought a scroll of identify for 34 gold pieces
 12925 | Orc:4    | Bought a scroll of identify for 34 gold pieces
 12925 | Orc:4    | Bought a scroll of fog for 34 gold pieces
 12925 | Orc:4    | Bought a scroll of remove curse for 51 gold pieces
 12925 | Orc:4    | Bought a scroll of identify for 34 gold pieces
 12925 | Orc:4    | Bought a scroll of vulnerability for 127 gold pieces
 13228 | Orc:4    | Bought a book of the Sky for 650 gold pieces
 13232 | Orc:4    | Learned a level 3 spell: Flight
 13306 | Elf:1    | Entered Level 1 of the Elven Halls
 13333 | Elf:1    | Reached skill level 1 in Air Magic
 13813 | Elf:1    | Reached skill level 1 in Spellcasting
 13981 | Elf:1    | Found Quoschac's Assorted Antiques.
 14009 | Elf:1    | Bought a copper wand for 128 gold pieces
 14074 | Elf:1    | Reached XP level 15. HP: 89/118 MP: 28/28
 14486 | Elf:2    | Found a runed gate.
 14491 | Elf:2    | Found a runed gate.
 14493 | Elf:2    | Found a runed gate.
 14711 | Elf:2    | HP: 3/119 [deep elf knight/stone arrow (19)]
 14874 | Elf:2    | Killed from afar by a deep elf knight

Action                   |  1- 3 |  4- 6 |  7- 9 | 10-12 | 13-15 || total
-------------------------+-------+-------+-------+-------+-------++-------
Melee: Long sword        |    39 |       |       |   607 |  1090 ||  1736
       Falchion          |    71 |   177 |   558 |   527 |       ||  1333
       Great sword       |       |       |       |    39 |       ||    39
       Scimitar          |       |       |       |       |   565 ||   565
Throw: Tomahawk          |       |       |     8 |       |       ||     8
       Javelin           |       |       |     2 |       |       ||     2
Invok: Lesser Servant of |       |       |       |     6 |     8 ||    14
       Greater Servant o |       |       |       |     1 |       ||     1
 Abil: Evoke Invisibilit |       |     2 |     7 |    14 |    16 ||    39
       End Transformatio |       |       |       |     1 |       ||     1
       Bat Form          |       |       |       |     1 |       ||     1
Evoke: Rod               |       |       |       |    15 |    17 ||    32
       Wand              |       |       |       |     5 |    12 ||    17
       Phantom mirror    |       |       |       |     1 |       ||     1
  Use: Potion            |       |     1 |     2 |     5 |     2 ||    10
       Scroll            |       |       |     4 |    25 |    13 ||    42
 Stab: Invisible         |       |     5 |    23 |    38 |    72 ||   138
       Distracted        |       |       |       |       |     3 ||     3
       Sleeping          |       |       |       |       |     3 ||     3
  Eat: Corpse            |     8 |     6 |    20 |    36 |    65 ||   135
